Map: Traitor's Exile

Players

Spartan - Winner!

  • Race: Zerg Zerg
  • League: Diamond
  • Spawn Location: 9:00

GUTS - Winner!

  • Race: Protoss Protoss
  • League: Diamond
  • Spawn Location: 12:00

OpuS

  • Race: Protoss Protoss
  • League: Platinum
  • Spawn Location: 5:00

Sketchaphone

  • Race: Zerg Zerg
  • League: Platinum
  • Spawn Location: 6:00

VOD

Have the link to the VOD?

Description

Time

  • Played on: Feb. 17, 2019, 9:06 p.m.
  • Length: 13:56
Show
View Real Time Build Order
Export as new Build Order

Spartan Zerg - Winner!

Build Orders: Hatch First 

Get SALT Encoding   

  12  0:02  Drone  
  13  0:14  Overlord  
  13  0:21  Drone  
  14  0:34  Drone x2  
  16  0:57  Drone x2, Hatchery  
  17  1:08  Drone  
  18  1:12  Extractor  
  18  1:13  Drone  
  18  1:21  Drone  
  19  1:26  Spawning Pool  
  18  1:33  Drone  
  19  2:12  Queen  
  19  2:13  Queen  
  19  2:14  Metabolic Boost  
  23  2:16  Zergling x4  
  23  2:17  Drone  
  23  2:18  Drone  
  27  2:24  Drone  
  28  2:32  Overlord  
  28  2:43  Overlord  
  28  2:59  Lair  
  28  3:00  Hatchery  
  27  3:07  Drone x3  
  30  3:26  Roach Warren, Drone x3  
  30  3:41  Drone x2  
  30  3:42  Drone x3  
  35  3:51  Zergling x2  
  35  3:52  Overlord  
  36  4:01  Overlord  
  36  4:08  Overlord  
  36  4:16  Roach  
  41  4:17  Roach x5  
  47  4:26  Roach x3  
  53  4:50  Queen  
  53  4:52  Overlord  
  55  4:58  Drone  
  55  4:59  Drone x5  
  61  5:00  Overlord  
  61  5:13  Drone x2  
  63  5:16  Drone x3, Extractor  
  63  5:18  Overlord, Extractor  
  63  5:21  Roach x5  
  74  5:32  Overlord x2  
  74  5:45  Zergling x8  
  74  5:46  Zergling x8  
  78  5:50  Overlord x2  
  75  5:59  Zergling x4  
  75  6:00  Zergling x6  
  78  6:13  Roach x2  
  80  6:24  Evolution Chamber  
  74  6:33  Drone  
  74  6:34  Drone x3  
  75  6:43  Glial Reconstitution  
  64  6:49  Roach x3  
  70  6:54  Hatchery  
  67  7:09  Extractor  
  67  7:10  Zerg Missile Weapons Level 1  
  67  7:11  Drone  
  67  7:12  Drone x3  
  67  7:13  Hatchery  
  69  7:19  Overlord  
  69  7:20  Hatchery  
  68  7:42  Hatchery  
  68  7:43  Ravager x7  
  74  7:58  Overlord  
  74  8:02  Roach x6  
  74  8:03  Roach x2  
  90  8:17  Zergling x6  
  90  8:18  Zergling x6  
  86  8:34  Roach x3  
  86  8:35  Roach x2  
  82  8:42  Roach  
  82  8:47  Roach x2  
  81  9:03  Queen, Drone x5  
  81  9:05  Zerg Missile Weapons Level 2  
  88  9:10  Roach x3  
  94  9:23  Burrow  
  94  9:29  Drone x4  
  94  9:30  Hydralisk Den  
  97  9:38  Zergling x10  
  101  9:44  Queen  
  104  9:51  Spore Crawler  
  103  10:06  Roach x5  
  103  10:07  Roach x2  
  117  10:15  Muscular Augments  
  117  10:18  Overseer x2  
  117  10:22  Drone x4  
  116  10:38  Hydralisk x5  
  126  10:44  Spore Crawler  
  126  10:45  Spore Crawler  
  126  10:48  Spore Crawler  
  118  11:09  Hydralisk x5  
  118  11:18  Drone  
  102  11:26  Grooved Spines  
  100  12:19  Hatchery  
  100  12:21  Hydralisk x3  
  105  12:42  Overlord x2  
  103  12:58  Hydralisk  
  103  13:00  Overlord x3  
  103  13:01  Hydralisk x4  
  103  13:02  Hydralisk  
  106  13:23  Hydralisk x5  
Show
View Real Time Build Order
Export as new Build Order

GUTS Protoss - Winner!

Build Orders:  

Get SALT Encoding   

  12  0:01  Probe  
  13  0:15  Probe  
  14  0:23  Pylon  
  14  0:27  Probe  
  15  0:41  Probe  
  16  0:44  Gateway  
  16  0:53  Probe  
  17  0:58  Assimilator  
  17  1:06  Probe  
  18  1:18  Probe  
  19  1:30  Probe  
  20  1:36  Cybernetics Core  
  20  1:45  Nexus  
  20  1:47  Assimilator  
  20  1:48  Probe  
  21  1:56  Pylon  
  21  2:00  Probe  
  22  2:11  Stalker  
  22  2:13  Probe  
  23  2:16  Pylon  
  23  2:21  Warp Gate  
  25  2:28  Probe  
  26  2:39  Stalker  
  26  2:40  Probe  
  29  2:52  Probe  
  30  3:02  Shield Battery, Probe  
  30  3:04  Probe  
  32  3:10  Sentry  
  34  3:14  Probe  
  34  3:16  Probe, Gateway  
  36  3:26  Probe  
  37  3:39  Probe  
  38  3:42  Probe  
  38  3:48  Shield Battery  
  39  3:51  Probe  
  39  3:54  Probe  
  38  4:17  Stalker x2  
  33  4:28  Pylon  
  29  4:42  Stalker x2  
  33  4:47  Probe  
  33  4:48  Probe  
  35  4:55  Probe  
  35  4:56  Probe  
  36  5:01  Pylon  
  36  5:05  Probe x2  
  37  5:09  Stalker  
  37  5:10  Stalker  
  37  5:12  Gateway  
  43  5:17  Probe x2  
  45  5:23  Shield Battery  
  45  5:24  Shield Battery  
  45  5:29  Probe x2  
  47  5:41  Probe x2  
  49  5:45  Assimilator  
  49  5:47  Stalker x2  
  49  5:49  Assimilator  
  53  5:53  Probe  
  54  6:01  Probe  
  55  6:13  Stalker  
  55  6:14  Stalker x2  
  61  6:19  Probe  
  61  6:24  Pylon  
  62  6:26  Pylon  
  62  6:27  Robotics Facility  
  62  6:33  Forge  
  62  6:37  Pylon  
  62  6:39  Pylon  
  62  6:42  Pylon, Probe x2  
  64  6:54  Protoss Ground Weapons Level 1, Probe x2  
  64  6:58  Stalker  
  64  6:59  Stalker x2  
  72  7:06  Probe  
  72  7:07  Probe  
  74  7:10  Warp Prism  
  74  7:14  Twilight Council  
  74  7:19  Probe, Robotics Bay  
  77  7:28  Stalker x2  
  81  7:33  Probe  
  82  7:39  Blink  
  82  7:51  Nexus  
  82  7:54  Pylon  
  82  8:00  Pylon  
  82  8:07  Probe x2  
  72  8:21  Stalker x3  
  72  8:23  Immortal  
  73  8:47  Stalker x3  
  79  8:50  Probe  
  79  8:53  Colossus  
  79  8:54  Protoss Ground Weapons Level 2  
  80  8:58  Gateway  
  86  9:16  Nexus  
  86  9:29  Charge  
  86  9:32  Pylon  
  86  9:33  Zealot x2  
  86  9:37  Colossus  
  90  9:39  Gateway  
  90  9:42  Probe  
  90  9:43  Probe  
  98  9:59  Gateway  
  98  10:01  Probe  
  98  10:06  Stalker x2  
  103  10:09  Sentry x2  
  103  10:12  Probe  
  103  10:13  Probe  
  109  10:18  Robotics Facility  
  109  10:30  Colossus  
  109  10:31  Zealot x2  
  109  10:33  Zealot x2  
  123  10:36  Probe x2  
  124  10:47  Stalker  
  123  11:03  Protoss Ground Weapons Level 3  
  123  11:04  Pylon  
  123  11:05  Pylon  
  123  11:07  Pylon  
  123  11:19  Pylon  
  123  11:22  Probe  
  123  11:24  Observer  
  118  11:29  Stalker x5  
  118  11:30  Stalker  
  118  11:57  Stalker x3  
  118  11:58  Stalker x2  
  128  12:07  Stalker  
  100  12:25  Stalker  
  100  12:26  Stalker x3  
  95  12:46  Stalker x2  
  86  13:03  Stalker x3  
  86  13:04  Stalker  
  79  13:19  Stalker  
  66  13:39  Stalker  
Show
View Real Time Build Order
Export as new Build Order

OpuS Protoss 

Build Orders: Blink Stalkers 

Get SALT Encoding   

  12  0:01  Probe  
  13  0:13  Probe  
  14  0:26  Pylon  
  14  0:27  Probe  
  15  0:44  Probe  
  15  0:49  Gateway  
  16  0:52  Probe  
  17  1:04  Probe, Assimilator  
  17  1:07  Assimilator  
  18  1:15  Probe  
  19  1:20  Gateway  
  19  1:23  Probe  
  19  1:31  Probe  
  20  1:37  Cybernetics Core  
  21  1:42  Pylon  
  21  1:44  Probe  
  22  1:56  Probe  
  22  1:58  Pylon  
  23  2:13  Stalker x2  
  27  2:16  Warp Gate  
  27  2:20  Probe  
  28  2:35  Probe  
  28  2:37  Twilight Council  
  28  2:43  Probe  
  30  2:51  Stalker  
  30  2:57  Stalker  
  33  3:03  Pylon  
  33  3:20  Robotics Facility  
  33  3:22  Probe  
  34  3:30  Probe  
  35  3:47  Blink  
  35  3:49  Nexus  
  35  3:53  Pylon  
  35  4:15  Probe  
  36  4:20  Observer  
  36  4:23  Stalker x2  
  40  4:27  Probe  
  42  4:39  Probe  
  43  4:48  Gateway  
  43  4:50  Gateway  
  43  4:51  Probe  
  44  4:55  Pylon  
  44  4:57  Pylon  
  44  5:01  Stalker  
  44  5:03  Probe  
  44  5:05  Observer  
  48  5:09  Stalker  
  50  5:14  Probe  
  50  5:15  Probe  
  52  5:26  Probe  
  52  5:27  Probe  
  54  5:39  Probe  
  54  5:40  Probe  
  56  5:55  Probe x2  
  58  5:57  Stalker x4  
  58  6:01  Gateway  
  58  6:03  Gateway  
  66  6:12  Immortal  
  70  6:27  Stalker x3  
  70  6:28  Stalker  
  70  6:32  Pylon, Probe  
  79  6:33  Probe  
  80  6:50  Immortal  
  80  6:51  Forge x2  
  80  6:52  Probe x2  
  84  7:04  Probe x2  
  86  7:24  Stalker x3  
  86  7:25  Stalker  
  92  7:37  Pylon  
  92  7:39  Pylon  
  92  7:40  Assimilator  
  92  7:41  Pylon  
  92  7:43  Pylon  
  92  7:44  Assimilator  
  92  7:45  Immortal  
  92  7:48  Gateway  
  92  7:51  Gateway  
  96  8:14  Protoss Ground Weapons Level 1, Protoss Ground Armor Level 1  
  94  8:24  Immortal  
  56  8:49  Stalker  
  56  8:55  Immortal  
  62  9:10  Nexus  
  62  9:17  Nexus  
  62  9:18  Stalker x3  
  62  9:19  Stalker x2  
  72  9:32  Pylon  
  72  9:33  Pylon  
  76  9:38  Immortal  
  76  9:47  Stalker  
  76  9:49  Charge  
  78  9:58  Stalker  
  78  9:59  Stalker  
  82  10:09  Stalker  
  82  10:10  Stalker  
  86  10:22  Probe x2  
  86  10:23  Probe  
  89  10:30  Stalker x2  
  89  10:34  Probe  
  94  10:44  Stalker  
  94  10:45  Stalker x2  
  95  11:23  Stalker x2  
  95  11:24  Stalker x6  
  111  11:26  Immortal  
  81  11:44  Probe x4  
  81  11:47  Assimilator  
  85  11:51  Stalker x5, Assimilator  
  95  11:56  Probe  
  83  12:15  Stalker x6  
  89  12:22  Immortal  
  81  12:31  Stalker  
  81  12:32  Stalker  
  83  12:43  Stalker x4  
  91  13:01  Immortal  
  91  13:10  Stalker x3  
  91  13:12  Probe x4  
  93  13:24  Probe x2  
Show
View Real Time Build Order
Export as new Build Order

Sketchaphone Zerg 

Build Orders: Hatch First 

Get SALT Encoding   

  12  0:01  Drone  
  13  0:13  Overlord  
  13  0:18  Drone  
  14  0:26  Drone, Extractor  
  15  0:36  Drone x2  
  17  1:02  Hatchery  
  17  1:04  Drone  
  17  1:05  Drone  
  17  1:07  Extractor  
  17  1:21  Spawning Pool  
  17  1:24  Drone  
  17  1:27  Drone  
  18  1:34  Drone  
  19  1:44  Overlord  
  19  1:52  Drone  
  20  2:02  Drone  
  21  2:08  Metabolic Boost  
  21  2:09  Queen  
  21  2:13  Drone  
  21  2:15  Queen  
  24  2:19  Drone  
  27  2:28  Spine Crawler  
  27  2:31  Roach Warren  
  27  2:33  Drone  
  27  2:38  Drone  
  27  2:43  Zergling x4  
  30  2:50  Zergling x4  
  32  3:02  Overlord  
  32  3:05  Drone  
  33  3:08  Drone  
  33  3:11  Roach  
  36  3:21  Overlord  
  36  3:24  Roach  
  36  3:25  Roach x3  
  42  3:45  Roach  
  42  3:46  Overlord, Roach  
  46  3:49  Overlord  
  44  4:26  Roach  
  44  4:31  Hatchery  
  43  4:48  Drone x2  
  43  4:49  Lair  
  43  4:50  Evolution Chamber  
  43  4:52  Queen, Extractor  
  43  4:54  Roach x3  
  43  4:55  Zergling x6  
  54  5:16  Zerg Melee Weapons Level 1  
  54  5:17  Drone x3  
  54  5:18  Drone  
  58  5:26  Hatchery  
  57  5:32  Overlord  
  57  5:39  Roach x3  
  63  5:55  Roach  
  65  6:18  Glial Reconstitution  
  62  6:21  Drone x10  
  58  6:43  Queen  
  58  6:50  Evolution Chamber  
  58  6:53  Spire  
  56  6:55  Extractor  
  56  6:57  Drone x12, Extractor  
  60  7:01  Overseer  
  60  7:04  Ravager  
  60  7:07  Ravager  
  60  7:08  Drone x2  
  64  7:29  Queen  
  64  7:31  Zergling x2  
  64  7:32  Zergling x24  
  79  7:39  Roach x2  
  79  7:40  Roach x2  
  87  7:44  Zerg Ground Armor Level 1  
  87  7:49  Drone  
  87  7:50  Overlord  
  88  7:51  Overlord  
  88  7:54  Overlord  
  88  8:01  Overlord  
  82  8:29  Zerg Melee Weapons Level 2  
  82  8:31  Zergling x2  
  82  8:32  Hydralisk Den, Zergling x26  
  88  9:09  Overlord x2  
  86  9:10  Overlord  
  86  9:17  Grooved Spines  
  86  9:19  Infestation Pit  
  86  9:20  Lurker Den  
  84  9:25  Drone x6  
  84  9:26  Drone x6  
  84  9:29  Drone x3  
  99  9:39  Mutalisk  
  99  9:40  Mutalisk x4  
  99  9:41  Zergling x6  
  85  10:08  Zergling x14  
  85  10:09  Zergling x18  
  85  10:10  Hive  
  85  10:11  Pneumatized Carapace  
  100  10:16  Drone, Extractor  
  100  10:17  Extractor  
  100  10:19  Drone x2  
  100  10:20  Roach  
  103  10:29  Queen  
  93  11:04  Queen  
  93  11:09  Roach x7  
  93  11:10  Roach x8  
  116  11:14  Zergling x4  
  118  11:21  Adrenal Glands  
  118  11:22  Hydralisk  
  120  11:35  Drone x2  
  120  11:37  Roach  
  120  11:38  Roach, Ravager  
  114  12:04  Roach x10  
  114  12:05  Roach  
  114  12:07  Lurker  
  117  12:12  Roach, Hydralisk x4  
  119  12:17  Overlord x4  
  102  12:33  Roach  
  102  12:35  Hydralisk x2  
  90  12:42  Zergling x8  
  85  12:53  Roach  
  85  12:54  Roach x3  
  79  13:08  Hydralisk Den  
  79  13:09  Roach x6  
  79  13:10  Roach  
  89  13:14  Ultralisk Cavern  
  85  13:22  Overlord  
  85  13:23  Overlord x2  
  85  13:24  Overlord x2  
  76  13:54  Lurker Den  
Tags
 
Add a new tag
Caveats
  • Supply blocks, unpowered buildings, or Contaminate may cause inaccurate times.
  • Supply counts are checked every 10 seconds.